Map: Prion Terraces

Players

True - Winner!

  • Race: Zerg Zerg
  • League: Grandmaster

ROCCATHyuN (HyuN)

  • Race: Zerg Zerg

Event: True vs Hyun (Matcherino)

VOD

https://www.youtube.com/watch?v=aIqW6lXk_5g

Description

Time

  • Played on: Nov. 23, 2015, 10:37 a.m.
  • Length: 8:41

All games in this series

Show
View Real Time Build Order
Export as new Build Order

True Zerg - Winner!

Build Orders: 3 Hatch before Pool 

Get SALT Encoding   

  12  0:00  Drone  
  13  0:13  Overlord  
  13  0:16  Drone  
  14  0:32  Drone x2  
  14  0:35  Drone  
  17  0:53  Hatchery  
  17  0:55  Drone  
  17  0:58  Drone  
  18  1:20  Hatchery  
  18  1:24  Drone  
  18  1:34  Spawning Pool  
  18  1:38  Drone, Extractor  
  17  1:42  Drone  
  17  1:45  Drone  
  19  1:54  Drone  
  21  2:01  Drone  
  21  2:05  Drone  
  22  2:12  Drone  
  23  2:16  Drone  
  23  2:21  Queen x2  
  28  2:30  Overlord  
  28  2:33  Drone x2  
  30  2:39  Drone  
  30  2:42  Drone  
  32  2:48  Queen  
  34  2:51  Drone  
  34  2:53  Drone  
  34  2:55  Drone  
  34  2:57  Drone  
  38  3:00  Drone x2  
  40  3:06  Evolution Chamber, Drone x2  
  40  3:09  Drone  
  42  3:17  Overlord  
  42  3:24  Evolution Chamber, Queen  
  42  3:25  Extractor  
  42  3:31  Zerg Ground Armor Level 1  
  42  3:32  Overlord  
  42  3:35  Drone x4  
  42  3:36  Drone  
  42  3:39  Zergling x2  
  42  3:41  Overlord  
  48  3:52  Drone  
  48  3:53  Drone  
  48  3:54  Drone  
  48  3:55  Extractor  
  50  4:05  Drone  
  50  4:06  Drone x8  
  50  4:08  Zerg Melee Weapons Level 1  
  59  4:11  Overlord  
  59  4:18  Metabolic Boost  
  59  4:19  Zergling x4  
  59  4:20  Hatchery  
  59  4:22  Zergling x2  
  60  4:24  Zergling x2  
  60  4:25  Spine Crawler  
  60  4:26  Spine Crawler x2, Zergling x2  
  59  4:32  Zergling x4  
  59  4:33  Zergling x2  
  59  4:34  Zergling x6  
  59  4:36  Zergling x6  
  59  4:38  Zergling x2  
  69  4:45  Zergling x2  
  70  4:46  Roach Warren, Zergling x2  
  70  4:48  Spine Crawler  
  70  4:49  Zergling x2  
  70  4:56  Lair  
  70  4:58  Zergling x4  
  70  4:59  Zergling x2  
  73  5:05  Overlord  
  73  5:06  Overlord, Zergling x2  
  74  5:14  Overlord  
  74  5:24  Zergling x6  
  74  5:25  Zergling x12  
  83  5:33  Zergling x6  
  83  5:34  Zergling x2  
  87  5:41  Overlord x3  
  87  5:42  Zergling x6  
  90  5:44  Zergling x4  
  90  5:45  Zergling x2  
  90  5:47  Overlord  
  90  5:49  Zergling x4  
  95  5:53  Zerg Ground Armor Level 2  
  95  5:55  Zergling x2  
  96  5:57  Overlord  
  96  5:58  Infestation Pit  
  96  6:01  Overlord  
  96  6:03  Zerg Melee Weapons Level 2  
  95  6:12  Zergling x24  
  95  6:13  Zergling x2  
  95  6:14  Zergling x2  
  109  6:22  Zergling x2  
  109  6:23  Zergling x2  
  109  6:24  Zergling x2  
  112  6:26  Zergling x2  
  113  6:39  Hive  
  113  6:40  Zergling x2  
  113  6:41  Zergling x18  
  123  6:48  Zergling x12  
  123  6:49  Zergling x2  
  123  6:50  Zergling x2  
  131  6:59  Overlord  
  131  7:00  Overlord x3  
  131  7:08  Zergling x2  
  132  7:09  Zergling x2  
  132  7:13  Zergling x6  
  135  7:22  Zergling x6  
  129  7:23  Zergling x12  
  129  7:24  Zergling x4  
  129  7:25  Zergling x4  
  116  7:35  Zergling x8  
  116  7:36  Zergling x2  
  116  7:37  Zergling x4  
  113  7:38  Zergling x2  
  113  7:39  Zergling x4  
  113  7:40  Zergling x2  
  113  7:43  Zergling x2  
  108  7:47  Zergling x4  
  108  7:50  Zergling x2  
  104  7:57  Zergling x4  
  104  7:58  Ultralisk Cavern  
  97  8:05  Extractor  
  97  8:07  Extractor x2  
  97  8:08  Drone x2  
  97  8:09  Drone x2  
  97  8:10  Drone x3  
  90  8:16  Drone x9  
  90  8:17  Drone  
Show
View Real Time Build Order
Export as new Build Order

ROCCATHyuN Zerg 

Build Orders: 3 Hatch before Pool 

Get SALT Encoding   

  12  0:00  Drone  
  13  0:12  Overlord  
  13  0:17  Drone  
  14  0:30  Drone  
  14  0:31  Drone  
  14  0:34  Drone  
  17  0:52  Hatchery  
  17  0:55  Drone  
  17  0:57  Drone  
  18  1:17  Hatchery  
  17  1:21  Drone  
  17  1:23  Drone  
  19  1:27  Extractor  
  18  1:37  Spawning Pool  
  18  1:40  Drone  
  18  1:44  Drone  
  19  1:51  Drone  
  20  2:04  Drone  
  21  2:09  Drone  
  21  2:15  Overlord  
  22  2:24  Queen x2  
  22  2:25  Zergling x2  
  22  2:27  Drone  
  28  2:35  Roach Warren  
  27  2:37  Drone  
  27  2:39  Drone  
  27  2:43  Drone x2  
  31  2:49  Drone  
  32  2:53  Overlord  
  32  2:57  Queen  
  34  3:01  Drone  
  35  3:07  Drone  
  35  3:10  Overlord  
  36  3:16  Roach x2  
  36  3:17  Roach x2  
  36  3:18  Roach  
  46  3:21  Roach  
  46  3:26  Roach  
  50  3:29  Roach  
  50  3:33  Roach  
  54  3:34  Roach  
  54  3:38  Overlord  
  54  3:39  Overlord  
  56  3:43  Overlord  
  56  3:45  Overlord  
  56  3:51  Extractor  
  55  3:59  Drone  
  55  4:00  Drone x3  
  59  4:04  Drone  
  59  4:05  Drone x5  
  59  4:09  Roach x2  
  69  4:12  Evolution Chamber  
  68  4:18  Roach x3  
  68  4:21  Drone  
  68  4:22  Drone  
  68  4:24  Drone  
  77  4:27  Extractor  
  77  4:29  Drone, Extractor  
  77  4:31  Drone x3  
  79  4:39  Drone x3  
  79  4:42  Overlord x2  
  79  4:45  Zerg Missile Weapons Level 1  
  82  4:55  Lair  
  82  4:57  Extractor  
  82  4:59  Overlord, Extractor  
  79  5:00  Overlord  
  79  5:01  Drone x4  
  79  5:04  Drone x2  
  85  5:07  Drone  
  85  5:08  Drone  
  85  5:09  Drone  
  85  5:10  Drone  
  85  5:12  Drone  
  90  5:14  Drone  
  90  5:15  Drone  
  90  5:16  Drone  
  93  5:24  Roach  
  93  5:25  Spine Crawler, Roach  
  96  5:31  Ravager x2  
  96  5:32  Ravager x2  
  96  5:34  Ravager  
  101  5:36  Overlord x4  
  101  5:39  Drone x2  
  103  5:45  Drone  
  103  5:48  Drone x6  
  110  5:52  Overlord  
  110  5:57  Overlord  
  110  5:58  Overlord  
  110  5:59  Overseer  
  110  6:04  Hydralisk Den  
  110  6:08  Drone x2  
  110  6:10  Spine Crawler  
  110  6:11  Spine Crawler  
  109  6:13  Spine Crawler  
  109  6:18  Drone  
  109  6:20  Glial Reconstitution  
  109  6:30  Hatchery, Overseer  
  108  6:36  Lurker Den  
  108  6:39  Hydralisk  
  108  6:40  Hydralisk x6  
  108  6:42  Hydralisk  
  108  6:46  Hydralisk x2  
  126  6:54  Hydralisk x4  
  136  7:03  Infestation Pit  
  136  7:04  Drone x7  
  142  7:19  Hatchery  
  128  7:35  Roach x9  
  133  7:44  Roach x7  
  123  7:49  Roach  
  123  7:50  Roach  
  99  7:54  Roach x3  
  78  8:07  Roach  
  78  8:08  Roach x3  
  78  8:12  Roach  
  78  8:13  Roach  
  72  8:20  Roach x5  
  72  8:26  Hydralisk Den  

Tags
 
Add a new tag
Caveats
  • Supply blocks, unpowered buildings, or Contaminate may cause inaccurate times.
  • Supply counts are checked every 10 seconds.